 Dungeon Crawl Stone Soup version 0.30-b1-2-g02819fbbbe (webtiles) character file.

Game seed: 10411431367742002422

12 Alarkh the Insei (level 2, 24/24 HPs)
             Began as a Demonspawn Chaos Knight on May 21, 2023.
             Was a Plaything of Xom.
             Got out of the dungeon alive.
             The game lasted 00:00:27 (286 turns).

Alarkh the Insei (Demonspawn Chaos Knight)           Turns: 286, Time: 00:00:27

Health: 24/24      AC:  5    Str: 12    XL:     2   Next: 20%
Magic:  2/2        EV: 11    Int: 13    God:    Xom [*.....]
Gold:   6          SH:  0    Dex: 12    Spells: 1/1 levels left

rFire   . .          .
                       - Unarmed
rCold   . . .        (no shield)
rNeg    . . .        a - +2 leather armour
rPois   .            (no helmet)
rElec   .            (no cloak)
rCorr   .            (no gloves)
SInv    .            (no boots)
Will    .....        (no amulet)
Stlth   +            (no ring)
HPRegen 0.24/turn    (no ring)
MPRegen 0.08/turn

%: no passive effects
@: no status effects
A: demonic guardian 1
a: Renounce Religion


You escaped.
You worshipped Xom.
You were a special plaything of Xom.
You visited 1 branch of the dungeon, and saw 1 of its levels.

You collected 6 gold pieces.

Inventory:

Armour
 a - a +2 leather armour (worn)
Scrolls
 c - a scroll of identify {unknown}
 d - a scroll of poison {unknown}
Miscellaneous
 b - a piece from Xom's chessboard (15/15) (quivered)


   Skills:
 - Level 3.0 Fighting
 - Level 1.7 Armour
 - Level 0.8 Dodging
 + Level 3.3 Unarmed Combat


You had one spell level left.
You didn't know any spells.
Your spell library was empty.

Dungeon Overview and Level Annotations

Branches:
Dungeon (1/15)

Altars:


Innate Abilities, Weirdness & Mutations

A weak demonic guardian rushes to your aid.


Message History

The goblin is heavily wounded.
The goblin hits you with a +0 club.
* * * LOW HITPOINT WARNING * * *
A demonic guardian appears!
You closely miss the goblin.
The goblin is heavily wounded.
The goblin closely misses you.
Your white imp hits the endoplasm but does no damage.
The endoplasm freezes you.
You are frozen.
* * * LOW HITPOINT WARNING * * *
Your white imp hits the endoplasm.
Your white imp freezes the endoplasm.
The endoplasm dies!
The goblin attacks as you move away! The goblin hits you with a +0 club.
* * * LOW HITPOINT WARNING * * *
You hit the goblin.
You kill the goblin!
You hit the endoplasm.
The endoplasm is severely wounded.
The endoplasm freezes you.
You are frozen.
* * * LOW HITPOINT WARNING * * *
Your white imp gestures at the endoplasm.
The puff of frost hits the endoplasm!
The endoplasm dies!
You start resting.
Your white imp disappears in a puff of smoke!
HP restored.
You start resting.
HP restored.
Things that are here:
a +0 club; a goblin corpse You see here 3 poisoned darts.
You see here a hobgoblin skeleton.
You see here 7 stones.
There is a large open door here.
You see here a +0 barding.
There is a staircase leading out of the dungeon here.
Are you sure you want to leave the Dungeon?
This will make you lose the game!
You have escaped!

## ##.. ##..#
#...###########
#...#8≈§§≈≈≈≈8#
#.#.#..§§.....#
#.#.#.........#
#.#.'....8....#
##.#.'....8[..@#
##..#.#.........#
#...#.#.........#
..
#.#...#8≈≈≈≈≈§≈8#
#.
#(#...############
###. ##.#####
#.......# ...
.....# #.......# ..
.....######.......#
#.
.....÷............#
#)#+


There were no monsters in sight!

Vanquished Creatures
  A bat (D:1)
  An endoplasm (D:1)
  A giant cockroach (D:1)
  3 goblins (D:1)
  A hobgoblin (D:1)
7 creatures vanquished.

Vanquished Creatures (collateral kills)
  2 endoplasms (D:1)
2 creatures vanquished.

Grand Total: 9 creatures vanquished

Notes
Turn   | Place    | Note
-------+----------+-------------------------------------------
     0 | D:1      | Alarkh the Demonspawn Chaos Knight began the quest for the
                  | Orb.
     0 | D:1      | Reached XP level 1. HP: 18/18 MP: 1/1
    56 | D:1      | XOM: potion effect (haste)
   108 | D:1      | XOM: divination: magic mapping
   126 | D:1      | XOM: confusion (+ monsters)
   129 | D:1      | Gained mutation: A weak demonic guardian rushes to your
                  | aid. [demonic ancestry]
   129 | D:1      | Reached XP level 2. HP: 19/24 MP: 2/2
   140 | D:1      | HP: 1/24 [goblin/+0 club (1)]
   286 | D:$      | Got out of the dungeon alive.

Illustrated notes

Levels and vault maps discovered:
D:1:      lightli_arrival_noodles, layout_basic,
          ebering_ecumenical_altar_sacrificial,
          wander_ebering_terrifying_dragon_lair

Skill      XL: |  1 |
---------------+----+-----
Unarmed Combat | 3 |  3.3
Fighting       | |  3.0
Armour         | |  1.7
Dodging        | |  0.8

Action                     || total
---------------------------++-------
  Melee: Unarmed           ||    35
         Punch             ||     2
 Armour: Leather armour    ||    12
  Dodge: Dodged            ||    24
